[Event "ICC tourney 1992 (90 10)"]
[Site "Internet Chess Club"]
[Date "2020.09.05"]
[Round "1"]
[White "mnm1"]
[Black "kinpin007"]
[Result "1/2-1/2"]
[ICCResult "Game drawn by mutual agreement"]
[WhiteElo "1070"]
[BlackElo "1458"]
[Opening "Caro-Kann: classical variation"]
[ECO "B18"]
[NIC "CK.10"]
[Time "11:02:55"]
[TimeControl "5400+10"]

1. e4 c6 2. d4 d5 3. Nc3 dxe4 4. Nxe4 Bf5 5. Nc3 Nf6 6. Bf4 e6 7. Nf3 Bb4 8.
Bd3 Bg6 9. Bg5 Nbd7 10. O-O Qc7 11. Ne2 O-O 12. Bxg6 hxg6 13. c3 Bd6 14. h3
Qb6 15. Qc2 Qb5 16. Bh4 Qf5 17. Ne1 Rfe8 18. Nd3 Qe4 19. Bg3 Be7 20. Rfe1 c5
21. Nef4 Qc6 22. dxc5 Nxc5 23. Ne5 Qb5 24. Nxf7 Kxf7 25. Qxg6+ Kg8 26. Nxe6
Nxe6 27. Rxe6 Qh5 28. Qxh5 Nxh5 29. Rae1 Kf7 30. Kh2 Nxg3 31. fxg3 Rad8 32.
R6e2 Rd6 33. h4 {Game drawn by mutual agreement} 1/2-1/2

[Event "ICC tourney 1992 (90 10)"]
[Site "Internet Chess Club"]
[Date "2020.09.05"]
[Round "1"]
[White "chess278"]
[Black "wildrumpus"]
[Result "0-1"]
[ICCResult "White checkmated"]
[WhiteElo "1504"]
[BlackElo "1370"]
[Opening "Réti opening"]
[ECO "A05"]
[NIC "QP.11"]
[Time "11:02:58"]
[TimeControl "5400+10"]

1. Nf3 Nf6 2. b3 b6 3. Bb2 Bb7 4. e3 e6 5. Be2 Be7 6. O-O O-O 7. c4 c5 8. d4
d5 9. cxd5 Bxd5 10. Nc3 Bb7 11. Rc1 Nc6 12. dxc5 Bxc5 13. a3 a6 14. b4 Qxd1
15. Rfxd1 Be7 16. Na4 b5 17. Nc5 Bxc5 18. bxc5 Nd5 19. Ne5 Nxe5 20. Bxe5
Rac8 21. e4 Nc7 22. Rd7 Bxe4 23. Bxc7 Bc6 24. Bd6 Bxd7 25. Bxf8 Kxf8 26. Bf3
Bc6 27. Be2 Ke7 28. f3 e5 29. Kf2 Ke6 30. Ke3 Kd5 31. Bd3 g6 32. Be4+ Ke6
33. Bb1 Bd5 34. Bd3 Bc4 35. Bxc4+ bxc4 36. Rxc4 Kd5 37. Ra4 Rc6 38. Ra5 f5
39. g3 Kc4 40. h3 Rxc5 41. Rxa6 Kb5 42. Ra8 Rc3+ 43. Kf2 Rc2+ 44. Kg1 e4 45.
a4+ Kb4 46. fxe4 fxe4 47. a5 Rc3 48. a6 Rxg3+ 49. Kf1 Kb5 50. a7 Kb6 51. Re8
Kxa7 52. Rxe4 Rxh3 53. Kg2 Rh5 54. Kg3 Kb7 55. Re7+ Kc6 56. Kg4 Kd6 57. Re3
Re5 58. Ra3 Ke6 59. Ra6+ Kf7 60. Ra7+ Re7 61. Ra2 Kg7 62. Rh2 h6 63. Rh1 Rf7
64. Kg3 h5 65. Ra1 Kh6 66. Ra6 Kg5 67. Ra5+ Rf5 68. Ra4 Kh6 69. Ra6 Rf7 70.
Kh4 Rf4+ 71. Kg3 Rf8 72. Kh4 Rb8 73. Rc6 Rb4+ 74. Kh3 h4 75. Ra6 Kh5 76.
Ra5+ g5 77. Rc5 Rb3+ 78. Kh2 h3 79. Rd5 Kh4 80. Rd8 Rb2+ 81. Kh1 Rf2 82.
Rd4+ Kg3 83. Rd1 g4 84. Rg1+ Kf3 85. Rb1 Re2 86. Rf1+ Ke3 87. Rf7 g3 88.
Re7+ Kd2 89. Rg7 Re1# {White checkmated} 0-1

[Event "ICC tourney 1992 (90 10)"]
[Site "Internet Chess Club"]
[Date "2020.09.05"]
[Round "1"]
[White "Cougar2020"]
[Black "Yamato1945"]
[Result "0-1"]
[ICCResult "White checkmated"]
[WhiteElo "1174"]
[BlackElo "1423"]
[Opening "Caro-Kann: exchange variation"]
[ECO "B13"]
[NIC "CK.02"]
[Time "11:02:47"]
[TimeControl "5400+10"]

1. e4 c6 2. d4 d5 3. exd5 cxd5 4. Nf3 Bg4 5. Be2 Nc6 6. Be3 e6 7. c3 Nf6 8.
Nbd2 Bd6 9. O-O O-O 10. h3 Bf5 11. Re1 Re8 12. Rc1 Qb6 13. Nb3 Na5 14. Nxa5
Qxa5 15. a3 Qb6 16. b4 Rac8 17. c4 dxc4 18. Bxc4 Qd8 19. Qb3 Re7 20. Nh4 Be4
21. Bg5 Bc6 22. Rcd1 Rec7 23. Rc1 h6 24. Bd2 Ne4 25. Nf3 Nxd2 26. Nxd2 Bd5
27. g3 b5 28. Qb2 bxc4 29. Re3 Qg5 30. Nf3 Qf6 31. Nd2 Qg6 32. Nf3 Bf4 33.
Ne5 Qg5 34. h4 Qe7 35. gxf4 Qxh4 36. Kf1 Qxf4 37. Rg3 Qe4 38. Qd2 Qh1+ 39.
Ke2 Qh5+ 40. Kf1 f6 41. Ng4 Kh8 42. f3 Bxf3 43. Rxf3 Qxg4 44. Kf2 Qh4+ 45.
Ke2 Qe4+ 46. Qe3 Qxe3+ 47. Rxe3 Re8 48. Rec3 Rec8 49. Re3 Rc6 50. a4 Rd6 51.
Rd1 Rd5 52. Rc3 Kg8 53. Ke3 Rd7 54. Rdc1 Rdc7 55. a5 Kf7 56. Ke4 a6 57. d5
exd5+ 58. Kxd5 Rd7+ 59. Ke4 Re8+ 60. Kf3 Rd3+ 61. Rxd3 cxd3 62. Rd1 Rd8 63.
Ke3 Rb8 64. Rb1 g5 65. Kxd3 Rb5 66. Ke4 Kg6 67. Kd4 h5 68. Kc4 g4 69. Rd1 g3
70. Rd8 Rg5 71. Rd1 g2 72. Rg1 h4 73. Kd3 h3 74. b5 Rxb5 75. Ke2 Rg5 76. Kf2
f5 77. Ke2 h2 78. Rxg2 Rxg2+ 79. Kf3 h1=Q 80. Kf4 Qf1+ 81. Ke3 Rg4 82. Kd2
Qf3 83. Ke1 Rh4 84. Kd2 Rh2+ 85. Ke1 Qh1# {White checkmated} 0-1

[Event "ICC tourney 1992 (90 10)"]
[Site "Internet Chess Club"]
[Date "2020.09.05"]
[Round "1"]
[White "TheMoffattMan"]
[Black "irisl"]
[Result "1-0"]
[ICCResult "Black checkmated"]
[WhiteElo "1449"]
[BlackElo "1177"]
[Opening "Giuoco Piano: four knights variation"]
[ECO "C50"]
[NIC "IG.02"]
[Time "11:03:37"]
[TimeControl "5400+10"]

1. e4 e5 2. Nf3 Nc6 3. Bc4 Bc5 4. Nc3 Nf6 5. h3 d6 6. O-O h6 7. Re1 O-O 8.
a3 a6 9. Nd5 Nxd5 10. Bxd5 Ne7 11. Ba2 Bd7 12. d4 exd4 13. Nxd4 Ng6 14. c3
Qf6 15. Re3 Ne5 16. Rg3 Rae8 17. Qh5 Kh7 18. Nf3 Nxf3+ 19. Rxf3 Qg6 20.
Qxg6+ fxg6 21. Rxf8 Rxf8 22. Be3 Bxe3 23. fxe3 Bc6 24. Bd5 Re8 25. Kf2 g5
26. g4 Kg6 27. Ke2 Re5 28. c4 Bxd5 29. exd5 h5 30. Kd3 h4 31. Rf1 b5 32. b3
Re8 33. cxb5 axb5 34. a4 bxa4 35. bxa4 Ra8 36. Ra1 Ra5 37. e4 Kf6 38. Kd4 g6
39. Ra3 Ke7 40. Kc4 Kd8 41. Kb4 Ra7 42. a5 Ke8 43. a6 Kd8 44. Kb5 Kd7 45.
Ra4 Ke7 46. Kc6 Kd8 47. Kb5 Kd7 48. Rb4 Kd8 49. Ka5 Kc8 50. Rb3 Ra8 51. Rb7
Kd7 52. a7 Kc8 53. Ka6 Rxa7+ 54. Rxa7 Kb8 55. Rb7+ Kc8 56. Rb3 Kd8 57. Kb7
Kd7 58. Rc3 Ke7 59. Kxc7 Ke8 60. Kxd6 Kf7 61. Rc7+ Ke8 62. Ra7 Kf8 63. Ke6
Kg8 64. d6 Kf8 65. d7 Kg8 66. d8=Q# {Black checkmated} 1-0

[Event "ICC tourney 1992 (90 10)"]
[Site "Internet Chess Club"]
[Date "2020.09.05"]
[Round "2"]
[White "mutantpenguin"]
[Black "Kfprasanna"]
[Result "0-1"]
[ICCResult "White checkmated"]
[WhiteElo "1457"]
[BlackElo "1388"]
[Opening "Scotch game"]
[ECO "C45"]
[NIC "SO.05"]
[Time "15:36:07"]
[TimeControl "5400+10"]

1. e4 e5 2. Nf3 Nc6 3. d4 exd4 4. Nxd4 Bc5 5. Be3 Nxd4 6. Bxd4 Bxd4 7. Qd2
Bxb2 8. Bc4 Bxa1 9. Qd5 Qe7 10. O-O c6 11. Qf5 d5 12. Qf3 dxc4 13. Nd2 Be5
14. Nxc4 Bc7 15. Qc3 Nf6 16. e5 Nd7 17. Re1 O-O 18. Nd6 Bxd6 19. exd6 Qf6
20. Qe3 b6 21. f4 Qxd6 22. f5 Qc5 23. Qxc5 Nxc5 24. c4 Bxf5 25. Re5 Be6 26.
Kf2 Bxc4 27. Re7 Ne6 28. Rd7 Bd5 29. Rd6 Rfb8 30. h3 Kf8 31. g4 Ke7 32. Kg3
Kxd6 33. Kh4 g5+ 34. Kh5 h6 35. a4 a5 36. h4 Bc4 37. hxg5 hxg5 38. Kh6 Rh8#
{White checkmated}
0-1

[Event "ICC tourney 1992 (90 10)"]
[Site "Internet Chess Club"]
[Date "2020.09.05"]
[Round "2"]
[White "SeannDSpeyer"]
[Black "VirginiaGuy"]
[Result "1-0"]
[ICCResult "Black resigns"]
[WhiteElo "1367"]
[BlackElo "1433"]
[Opening "Queen's pawn game, Darooha variation "]
[ECO "D02"]
[NIC "QP.08"]
[Time "15:36:12"]
[TimeControl "5400+10"]

1. d4 d5 2. Nf3 Nf6 3. g3 e6 4. Bg2 c5 5. O-O Nc6 6. c4 cxd4 7. Nxd4 Nxd4 8.
Qxd4 Be7 9. Nc3 dxc4 10. Qxc4 O-O 11. Bf4 Qb6 12. Na4 Qb4 13. Qxb4 Bxb4 14.
Rfc1 Bd7 15. Nc3 Rac8 16. Bxb7 Rce8 17. a3 Ba5 18. Bd6 Bb6 19. Bxf8 Kxf8 20.
Bg2 Ng4 21. Rf1 Rc8 22. h3 Ne5 23. Kh2 Ke8 24. f4 Nc4 25. Ne4 Nxb2 26. Nd6+
{Black resigns}
1-0

[Event "ICC tourney 1992 (90 10)"]
[Site "Internet Chess Club"]
[Date "2020.09.05"]
[Round "2"]
[White "chess27"]
[Black "JonesGill"]
[Result "1-0"]
[ICCResult "Black checkmated"]
[WhiteElo "1515"]
[BlackElo "1135"]
[Opening "Sicilian: Alapin's variation (2.c3)"]
[ECO "B22"]
[NIC "SI.46"]
[Time "15:36:15"]
[TimeControl "5400+10"]

1. e4 c5 2. c3 d5 3. e5 Nc6 4. d4 cxd4 5. cxd4 Bf5 6. a3 e6 7. Nc3 Be7 8. f4
Qd7 9. Nf3 Bg4 10. Be2 Bxf3 11. Bxf3 Nh6 12. Be3 a6 13. O-O O-O 14. g4 Bd8
15. Kh1 b5 16. f5 Bb6 17. Bxh6 gxh6 18. Ne2 Qa7 19. f6 Nxd4 20. Qc1 Kh8 21.
Qxh6 Rg8 22. Nf4 Nxf3 23. Rxf3 Rxg4 24. Rh3 Rh4 25. Rxh4 Kg8 26. Qg7#
{Black checkmated}
1-0

[Event "ICC tourney 1992 (90 10)"]
[Site "Internet Chess Club"]
[Date "2020.09.05"]
[Round "2"]
[White "GlibNest"]
[Black "Electryon"]
[Result "1-0"]
[ICCResult "Black checkmated"]
[WhiteElo "1463"]
[BlackElo "1348"]
[Opening "Tennison (Lemberg, Zukertort) gambit"]
[ECO "B01"]
[NIC "VO.17"]
[Time "15:36:03"]
[TimeControl "5400+10"]

1. e4 d5 2. Nf3 dxe4 3. Ng5 Nf6 4. Nc3 Bf5 5. Bc4 e6 6. f3 exf3 7. Qxf3 c6
8. Nxf7 Kxf7 9. Qxf5 Qd7 10. d3 Bb4 11. O-O Qd4+ 12. Kh1 Bxc3 13. Qxe6+ Kg6
14. Qf7# {Black checkmated} 1-0

[Event "ICC tourney 1992 (90 10)"]
[Site "Internet Chess Club"]
[Date "2020.09.05"]
[Round "2"]
[White "Jesserocks135"]
[Black "pusheen2019"]
[Result "1-0"]
[ICCResult "Black checkmated"]
[WhiteElo "1282"]
[BlackElo "1512"]
[Opening "QGD Slav defense: exchange variation"]
[ECO "D10"]
[NIC "SL.01"]
[Time "15:36:04"]
[TimeControl "5400+10"]

1. d4 d5 2. c4 c6 3. cxd5 cxd5 4. Nc3 Nf6 5. Bf4 e6 6. Nf3 Nc6 7. e3 Bd6 8.
Bg3 O-O 9. Be2 Bxg3 10. hxg3 a6 11. Qc2 b5 12. Ng5 h6 13. Nf3 b4 14. Na4 Bd7
15. Nc5 Qb6 16. Ng5 Na5 17. Nxd7 Ne4 18. Nxb6 Nxg5 19. Nxa8 Rxa8 20. Bxa6
Ne4 21. Bd3 Nf6 22. Rc1 Ne8 23. g4 g6 24. Bxg6 Kg7 25. Bxf7 b3 26. Qg6+ Kf8
27. Bxe8 Ke7 28. Qf7+ Kd6 29. Qd7# {Black checkmated} 1-0

[Event "ICC tourney 1992 (90 10)"]
[Site "Internet Chess Club"]
[Date "2020.09.05"]
[Round "2"]
[White "ama2024"]
[Black "ChunkyApple"]
[Result "1-0"]
[ICCResult "Black checkmated"]
[WhiteElo "1528"]
[BlackElo "1338"]
[Opening "Queen's pawn, Mason variation"]
[ECO "D00"]
[NIC "QP.08"]
[Time "15:36:17"]
[TimeControl "5400+10"]

1. d4 d5 2. Bf4 Nf6 3. e3 Nc6 4. Bd3 e6 5. Nf3 Bd6 6. Bg3 O-O 7. c3 Re8 8.
Ne5 Bxe5 9. dxe5 Nd7 10. f4 f6 11. Bh4 Qe7 12. O-O Qc5 13. Bxh7+ Kf8 14. Qh5
Qxe3+ 15. Bf2 Qxf4 16. Bc5+ Nxc5 17. Rxf4 Nxe5 18. Qxe5 Bd7 19. Rxf6+ Ke7
20. Rf3 Na6 21. Qxg7+ Kd6 22. Na3 e5 23. Rf6+ Re6 24. Rxe6+ Bxe6 25. Qf6 c6
26. Bf5 Re8 27. Bxe6 Rxe6 28. Qd8+ Kc5 29. b4+ Nxb4 30. cxb4+ Kxb4 31. Rb1+
Kc3 32. Qa5+ Kd4 33. Qb4+ Ke3 34. Rb3+ Ke2 35. Qg4+ Kd2 36. Qf3 e4 37. Qf2+
Kc1 38. Rb1# {Black checkmated} 1-0

[Event "ICC tourney 1992 (90 10)"]
[Site "Internet Chess Club"]
[Date "2020.09.05"]
[Round "2"]
[White "Yamato1945"]
[Black "DavidNest"]
[Result "1-0"]
[ICCResult "Black checkmated"]
[WhiteElo "1420"]
[BlackElo "1116"]
[Opening "Dutch with c4 & Nc3"]
[ECO "A85"]
[NIC "HD.05"]
[Time "15:36:09"]
[TimeControl "5400+10"]

1. d4 f5 2. c4 Nf6 3. Nc3 g6 4. Bf4 Bg7 5. e3 O-O 6. Nf3 d6 7. Be2 Qe8 8.
Qb3 Kh8 9. O-O Nbd7 10. Rad1 e5 11. dxe5 dxe5 12. Bg3 Nc5 13. Qc2 Ncd7 14.
b4 e4 15. Ne1 Ne5 16. Qc1 Nfd7 17. Nd5 Qd8 18. f3 exf3 19. Nxf3 Nxf3+ 20.
Bxf3 Ne5 21. Nb6 Nxf3+ 22. gxf3 Qe7 23. Nxa8 Bh6 24. Rfe1 Re8 25. Rd3 Bg7
26. Nxc7 Rd8 27. Rxd8+ Qxd8 28. Rd1 Qe7 29. Nd5 Qg5 30. Nf4 h5 31. Qd2 Bf6
32. Nh3 Qh6 33. Kf2 Qg7 34. Qd5 h4 35. Bd6 g5 36. Rg1 f4 37. Nxg5 fxe3+ 38.
Ke2 Bxg5 39. Rxg5 Qb2+ 40. Kxe3 Qc1+ 41. Qd2 Qa3+ 42. Ke2 Be6 43. Qd4+ Kh7
44. Qg7# {Black checkmated} 1-0

[Event "ICC tourney 1992 (90 10)"]
[Site "Internet Chess Club"]
[Date "2020.09.05"]
[Round "2"]
[White "wildrumpus"]
[Black "TheMoffattMan"]
[Result "1-0"]
[ICCResult "Black resigns"]
[WhiteElo "1373"]
[BlackElo "1322"]
[Opening "Queen's pawn game"]
[ECO "D00"]
[NIC "QP.08"]
[Time "15:36:50"]
[TimeControl "5400+10"]

1. d4 d5 2. e3 g6 3. Be2 Bg7 4. Nf3 Nf6 5. O-O O-O 6. b3 b6 7. Bb2 c5 8. c4
Bb7 9. Nc3 Nc6 10. Qd2 Re8 11. Rad1 cxd4 12. Nxd4 e6 13. Nxc6 Bxc6 14. cxd5
Nxd5 15. Nxd5 Bxb2 16. Qxb2 Bxd5 17. e4 Qg5 18. exd5 exd5 19. Bf3 Re5 20.
Rfe1 Rf5 21. Qd2 Qh4 22. Qd4 Qg5 23. Bxd5 Rd8 24. Bxf7+ Kxf7 25. Qxd8
{Black resigns}
1-0

[Event "ICC tourney 1992 (90 10)"]
[Site "Internet Chess Club"]
[Date "2020.09.05"]
[Round "2"]
[White "tanishqchess"]
[Black "oxdidi"]
[Result "1-0"]
[ICCResult "Black checkmated"]
[WhiteElo "975"]
[BlackElo "1317"]
[Opening "Giuoco Piano: Aitken variation"]
[ECO "C54"]
[NIC "IG.02"]
[Time "15:36:26"]
[TimeControl "5400+10"]

1. e4 e5 2. Nf3 Nc6 3. Bc4 Bc5 4. c3 Nf6 5. d4 exd4 6. cxd4 Bb4+ 7. Nc3 Nxe4
8. O-O Nxc3 9. bxc3 Bxc3 10. Ba3 d6 11. Rc1 Ba5 12. Qa4 O-O 13. d5 Ne7 14.
Qxa5 b6 15. Qd2 Bg4 16. Qd3 Qd7 17. Ng5 g6 18. Bb2 h6 19. Qc3 f6 20. Ne6 Rf7
21. Rfe1 Kh7 22. h3 Bf5 23. Rcd1 Rg8 24. Bd3 c5 25. Bxf5 gxf5 26. g4 fxg4
27. Qd3+ f5 28. hxg4 Rxg4+ 29. Kf1 c4 30. Qh3 Qb5 31. Bc3 Nxd5 32. Qh5 Rb7
33. Qxf5+ Kg8 34. Qxg4+ Kh7 35. Nf8# {Black checkmated} 1-0

[Event "ICC tourney 1992 (90 10)"]
[Site "Internet Chess Club"]
[Date "2020.09.05"]
[Round "2"]
[White "kinpin007"]
[Black "adma2028"]
[Result "1-0"]
[ICCResult "Black checkmated"]
[WhiteElo "1462"]
[BlackElo "1291"]
[Opening "QGD semi-Slav: Romih variation"]
[ECO "D46"]
[NIC "SL.08"]
[Time "15:36:10"]
[TimeControl "5400+10"]

1. d4 d5 2. c4 e6 3. Nf3 Nf6 4. Nc3 c6 5. e3 Nbd7 6. Bd3 Bb4 7. O-O Bd6 8.
Bd2 b6 9. Qc2 Ba6 10. cxd5 Bxd3 11. Qxd3 exd5 12. Rac1 Ng4 13. h3 h5 14. Ne2
Qc7 15. e4 Ndf6 16. e5 Nxe5 17. dxe5 Bxe5 18. Nxe5 Qxe5 19. Nd4 Kd7 20. Rfe1
Qc7 21. Qf5+ Kd6 22. Bf4# {Black checkmated} 1-0

[Event "ICC tourney 1992 (90 10)"]
[Site "Internet Chess Club"]
[Date "2020.09.05"]
[Round "2"]
[White "kanishksinghus"]
[Black "JavierDix"]
[Result "1-0"]
[ICCResult "Black resigns"]
[WhiteElo "1431"]
[BlackElo "1414"]
[Opening "French: King's Indian attack"]
[ECO "C00"]
[NIC "FR.02"]
[Time "15:36:35"]
[TimeControl "5400+10"]

1. e4 e6 2. d3 Bc5 3. d4 Bb6 4. Nf3 d5 5. e5 c5 6. c3 cxd4 7. cxd4 Nc6 8.
Bb5 Bd7 9. Ba4 Nge7 10. Nc3 a6 11. O-O O-O 12. Bg5 h6 13. Bh4 g5 14. Nxg5
hxg5 15. Bxg5 Qe8 16. Bf6 Ng6 17. Qh5 Nce7 18. g4 Bd8 19. Qh6 Nf5 20. gxf5
Bxf6 21. exf6 {Black resigns} 1-0

[Event "ICC tourney 1992 (90 10)"]
[Site "Internet Chess Club"]
[Date "2020.09.05"]
[Round "2"]
[White "haarim"]
[Black "chess278"]
[Result "0-1"]
[ICCResult "White resigns"]
[WhiteElo "1142"]
[BlackElo "1506"]
[Opening "Caro-Kann: two knights variation"]
[ECO "B10"]
[NIC "CK.01"]
[Time "15:36:14"]
[TimeControl "5400+10"]

1. e4 c6 2. Nf3 d5 3. Nc3 dxe4 4. Nxe4 Bf5 5. Ng3 Bg6 6. Ne5 Nf6 7. Nxg6
hxg6 8. Bc4 e6 9. d3 Nbd7 10. Be3 Qc7 11. Qd2 Bd6 12. O-O-O b5 13. Bb3 Nc5
14. Qc3 Nxb3+ 15. axb3 Nd5 16. Qd2 Nxe3 17. Qxe3 Bf4 {White resigns} 0-1

[Event "ICC tourney 1992 (90 10)"]
[Site "Internet Chess Club"]
[Date "2020.09.05"]
[Round "2"]
[White "DiamondUnicorn"]
[Black "lemonbar"]
[Result "1/2-1/2"]
[ICCResult "Game drawn by mutual agreement"]
[WhiteElo "502"]
[BlackElo "988"]
[Opening "two knights defense"]
[ECO "C58"]
[NIC "KP.01"]
[Time "15:36:12"]
[TimeControl "5400+10"]

1. e4 e5 2. Nf3 Nc6 3. Bc4 Nf6 4. Ng5 d5 5. exd5 Na5 6. b3 Nxc4 7. bxc4 Nxd5
8. cxd5 Qxg5 9. Qf3 Qf4 10. Qxf4 exf4 11. d4 Bd6 12. O-O O-O 13. Nc3 Re8 14.
Bd2 Bf5 15. Nb5 Bxc2 16. Nxd6 cxd6 17. Bxf4 Rad8 18. f3 Re2 19. Rf2 Rxf2 20.
Kxf2 Kf8 21. Re1 h6 22. h4 Bd3 23. g4 Bc4 24. a3 Bxd5 25. Rb1 b6 26. Rb5 Bc6
27. Rh5 d5 28. g5 hxg5 29. Bxg5 f6 30. Rh8+ Ke7 31. Rxd8 Kxd8 32. Bd2 a6 33.
Kg3 Ke7 34. Kf4 Ke6 35. Kg4 g6 36. f4 Bb5 37. Kg3 Kf5 38. Kf3 Bd3 39. Bb4 g5
40. hxg5 fxg5 41. fxg5 Kxg5 42. Be7+ Kf5 43. Bd8 b5 44. Ba5 Be4+ 45. Ke3 Ke6
46. Bb4 Kd7 47. Kf4 Kc6 48. Ke5 Kb6 49. Kd6 a5 50. Bc5+ Ka6 51. Kc6 Bf3 52.
Bb6 b4 53. axb4 axb4 54. Bc5 b3 55. Ba3 Ka5 56. Kc5 Ka4 57. Bb2 Ka5 58. Bc3+
Ka4 59. Bb2 Ka5 60. Bc3+ Ka6 61. Kb4 b2 62. Bxb2
{Game drawn by mutual agreement}
1/2-1/2

[Event "ICC tourney 1992 (90 10)"]
[Site "Internet Chess Club"]
[Date "2020.09.05"]
[Round "2"]
[White "ArmenSahakyan"]
[Black "WallyCleaver"]
[Result "1-0"]
[ICCResult "Black resigns"]
[WhiteElo "1580"]
[BlackElo "1557"]
[Opening "Alekhine's defense: Scandinavian variation"]
[ECO "B02"]
[NIC "AL.10"]
[Time "15:36:03"]
[TimeControl "5400+10"]

1. e4 Nf6 2. Nc3 d5 3. exd5 Nxd5 4. d4 e6 5. Nf3 Be7 6. Bd3 O-O 7. O-O c6 8.
Ne4 Nd7 9. Nfg5 h6 10. Nf3 N7f6 11. Nxf6+ Nxf6 12. Ne5 Nd7 13. Qe2 Nxe5 14.
dxe5 f6 15. exf6 Rxf6 16. Qe4 Kf7 17. f4 Qg8 18. Rd1 Bd7 19. Bc4 Rd8 20. b3
Ke8 21. f5 exf5 22. Qxe7+ Kxe7 23. Ba3+ Ke8 24. Bxg8 b6 25. Re1+ Be6 26.
Rxe6+ Rxe6 27. Bxe6 f4 28. Rf1 g5 29. h4 c5 30. Bb2 Rd6 31. Bf5 Kf7 32. hxg5
hxg5 33. Bd3 Ke7 34. Re1+ Kf7 35. Re5 {Black resigns} 1-0

[Event "ICC tourney 1992 (90 10)"]
[Site "Internet Chess Club"]
[Date "2020.09.05"]
[Round "2"]
[White "avaxu"]
[Black "joeandjoe28"]
[Result "1-0"]
[ICCResult "Black checkmated"]
[WhiteElo "1571"]
[BlackElo "1368"]
[Opening "Ruy Lopez: exchange, Keres variation"]
[ECO "C68"]
[NIC "RL.08"]
[Time "15:36:22"]
[TimeControl "5400+10"]

1. e4 e5 2. Nf3 Nc6 3. Bb5 a6 4. Bxc6 dxc6 5. Nc3 f6 6. d4 Bg4 7. dxe5 Qxd1+
8. Nxd1 Bxf3 9. gxf3 fxe5 10. Be3 Nf6 11. a3 Be7 12. Nc3 Rd8 13. Rd1 O-O 14.
Ke2 Nh5 15. Rxd8 Rxd8 16. Rd1 Nf4+ 17. Bxf4 Rxd1 18. Kxd1 exf4 19. Ne2 g5
20. h4 h6 21. Ke1 Bd6 22. hxg5 hxg5 23. Kf1 Bc5 24. Kg2 Kf7 25. c3 a5 26. a4
b5 27. b3 b4 28. c4 Ke6 29. Nc1 Bd4 30. Nd3 Kf6 31. Kh3 Bc3 32. Kg4 Bd4 33.
Kh5 Bc3 34. Kh6 Bd4 35. Kh7 Bc3 36. Kg8 Bd4 37. Kf8 Ke6 38. Ke8 Bf6 39. Nc5+
Kd6 40. Nb7+ Ke6 41. Nxa5 Bd4 42. Nxc6 Bxf2 43. Nxb4 g4 44. fxg4 Bd4 45. Nd3
f3 46. Kd8 Kd6 47. b4 Bc3 48. c5+ Kc6 49. b5+ Kb7 50. Kd7 Bd4 51. c6+ Kb6
52. Ke6 Ka5 53. Kd5 f2 54. Nxf2 Bxf2 55. e5 Kxa4 56. g5 Bh4 57. g6 Kxb5 58.
g7 Be7 59. g8=Q Bc5 60. Qb8+ Bb6 61. e6 Ka6 62. e7 Ba7 63. Qc8+ Kb6 64. Qb7+
Ka5 65. Qxa7+ Kb5 66. Qb7+ Ka5 67. e8=Q Ka4 68. Qea8# {Black checkmated} 1-0

[Event "ICC tourney 1992 (90 10)"]
[Site "Internet Chess Club"]
[Date "2020.09.05"]
[Round "2"]
[White "NJLandshark"]
[Black "MadiChesskid"]
[Result "1/2-1/2"]
[ICCResult "Game drawn by mutual agreement"]
[WhiteElo "1273"]
[BlackElo "1477"]
[Opening "English opening"]
[ECO "A17"]
[NIC "EO.64"]
[Time "15:36:41"]
[TimeControl "5400+10"]

1. c4 e6 2. Nc3 Nf6 3. g3 c5 4. Bg2 d5 5. cxd5 exd5 6. e3 Be7 7. Nge2 O-O 8.
O-O Nc6 9. d4 cxd4 10. exd4 Bb4 11. Bg5 Be7 12. Bxf6 Bxf6 13. Nxd5 Be6 14.
Nxf6+ Qxf6 15. d5 Rad8 16. Qb3 Bg4 17. dxc6 Bxe2 18. Rfe1 Rd2 19. Qc3 Rxb2
20. Qxf6 gxf6 21. cxb7 Ba6 22. Reb1 Rxb1+ 23. Rxb1 Rb8 24. f4 Kf8 25. Kf2
Bc4 26. Rb2 Ke7 27. Ke3 Ke6 28. Kd4 Ba6 29. Kc5 Kd7 30. Bd5 Kc7 31. Bxf7
Rxb7 32. Rxb7+ Bxb7 33. Bd5 {Game drawn by mutual agreement} 1/2-1/2

[Event "ICC tourney 1992 (90 10)"]
[Site "Internet Chess Club"]
[Date "2020.09.05"]
[Round "2"]
[White "kskariah"]
[Black "rcstinson"]
[Result "1/2-1/2"]
[ICCResult "Black stalemated"]
[WhiteElo "1331"]
[BlackElo "1486"]
[Opening "Pirc defense"]
[ECO "B07"]
[NIC "PU.08"]
[Time "15:36:05"]
[TimeControl "5400+10"]

1. e4 d6 2. d4 Nf6 3. Nc3 Nbd7 4. f3 e5 5. Be3 Be7 6. Nh3 O-O 7. Be2 a6 8.
O-O b5 9. a3 Nb6 10. Nf2 Bb7 11. Qd2 c5 12. dxc5 dxc5 13. Qxd8 Rfxd8 14. Nd3
Rac8 15. Nxe5 Bd6 16. Nd3 Nbd7 17. Rad1 b4 18. axb4 cxb4 19. Na2 Rxc2 20.
Rf2 Rdc8 21. Ndxb4 Bxb4 22. Nxb4 Rxb2 23. Nxa6 Ra8 24. Nc5 Nxc5 25. Bxc5
Bxe4 26. Bd4 Rba2 27. Bxf6 gxf6 28. fxe4 Re8 29. Bf3 Ra5 30. Rfd2 f5 31.
exf5 Rxf5 32. Rd8 Rxd8 33. Rxd8+ Kg7 34. Rd7 Ra5 35. g4 Rg5 36. h4 Rg6 37.
Kh2 Kf6 38. g5+ Ke6 39. Bg4+ f5 40. Rxh7 fxg4 41. Rh6 Rxh6 42. gxh6 Kf6 43.
h5 Kf7 44. Kg3 Kg8 45. Kxg4 Kh7 46. Kg5 Kh8 47. Kg6 Kg8 48. h7+ Kh8 49. h6
{Black stalemated}
1/2-1/2

[Event "ICC tourney 1992 (90 10)"]
[Site "Internet Chess Club"]
[Date "2020.09.05"]
[Round "2"]
[White "mnm2"]
[Black "Jeffchess"]
[Result "1-0"]
[ICCResult "Black checkmated"]
[WhiteElo "1225"]
[BlackElo "1334"]
[Opening "Caro-Kann defense"]
[ECO "B12"]
[NIC "CK.01"]
[Time "15:36:27"]
[TimeControl "5400+10"]

1. e4 c6 2. d4 e6 3. Nf3 d5 4. Bd3 h6 5. Bf4 Bd6 6. Ne5 Nd7 7. Nxf7 Kxf7 8.
Bxd6 dxe4 9. Bxe4 Ndf6 10. Be5 Nxe4 11. Qh5+ g6 12. Qf3+ Nef6 13. Nc3 Qf8
14. Ne4 Kg7 15. O-O-O a5 16. g4 g5 17. h4 gxh4 18. Rxh4 a4 19. g5 Kf7 20.
gxf6 Ke8 21. f7+ Kd8 22. Bxh8 a3 23. fxg8=Q Qxg8 24. Bf6+ Kc7 25. Qf4+ Kb6
26. Qd6 axb2+ 27. Kb1 Ra5 28. Bd8+ Ka6 29. Bxa5 Kxa5 30. Qc7+ Ka6 31. Nc5+
Ka7 32. Rh3 Qg3 33. Rxg3 e5 34. Ra3# {Black checkmated} 1-0

[Event "ICC tourney 1992 (90 10)"]
[Site "Internet Chess Club"]
[Date "2020.09.05"]
[Round "2"]
[White "Cgchess"]
[Black "nschneider"]
[Result "0-1"]
[ICCResult "White resigns"]
[WhiteElo "1335"]
[BlackElo "1501"]
[Opening "Sicilian: closed"]
[ECO "B23"]
[NIC "SI.44"]
[Time "15:36:03"]
[TimeControl "5400+10"]

1. e4 c5 2. Nc3 d6 3. Bb5+ Nd7 4. Bxd7+ Bxd7 5. Nf3 e5 6. d3 Nf6 7. Bg5 Be7
8. Bxf6 Bxf6 9. Nd5 O-O 10. h3 h5 11. Nxf6+ Qxf6 12. Qd2 b5 13. O-O-O a5 14.
c4 b4 15. b3 a4 16. Qg5 Qxg5+ 17. Nxg5 axb3 18. axb3 Ra3 19. Kb2 Rfa8 20.
Ra1 f6 21. Nf3 g5 22. Rxa3 bxa3+ 23. Kc2 Kg7 24. Ra1 Kh6 25. Nd2 h4 26. Nb1
f5 27. f3 g4 28. hxg4 fxg4 29. Rxa3 Rxa3 30. Nxa3 gxf3 31. gxf3 h3
{White resigns}
0-1

[Event "ICC tourney 1992 (90 10)"]
[Site "Internet Chess Club"]
[Date "2020.09.05"]
[Round "2"]
[White "kevin2010"]
[Black "Cougar2020"]
[Result "0-1"]
[ICCResult "White checkmated"]
[WhiteElo "1314"]
[BlackElo "1197"]
[Opening "Queen's pawn game"]
[ECO "D05"]
[NIC "QP.08"]
[Time "15:36:22"]
[TimeControl "5400+10"]

1. d4 d5 2. Nf3 Nf6 3. e3 e6 4. Bd3 Bd6 5. O-O c6 6. Nbd2 Nbd7 7. Re1 O-O 8.
e4 dxe4 9. Nxe4 Nxe4 10. Rxe4 Nf6 11. Rh4 h6 12. Bxh6 gxh6 13. Rxh6 Re8 14.
Ng5 Kg7 15. Rh3 Rh8 16. Qf3 e5 17. Rg3 Kf8 18. Be4 exd4 19. Qb3 Qe7 20. Rf3
Bg4 21. Rd3 Bxh2+ 22. Kf1 Bf4 23. Re1 Rh1# {White checkmated} 0-1